 Dungeon Crawl Stone Soup version 0.29.0-13-gc9e81de378 (webtiles) character file.

Game seed: 14345868884405131347

26 masschaos23 the Trooper (level 2, -1/24 HPs)
             Began as a Demonspawn Chaos Knight on Sept 7, 2022.
             Was a Plaything of Xom.
             Killed from afar by Natasha (10 damage)
             ... with a magic dart
             ... on level 2 of the Dungeon.
             The game lasted 00:04:11 (901 turns).

masschaos23 the Trooper (Demonspawn Chaos Knight)    Turns: 901, Time: 00:04:12

Health: -1/24      AC:  5    Str:  9 (12) XL:     2   Next: 89%
Magic:  2/2        EV: 11    Int: 11 (13) God:    Xom [..*...]
Gold:   38         SH:  0    Dex: 11 (14) Spells: 1/1 levels left

rFire   . . .      SeeInvis .   a - +0 spear (chaos)
rCold   . . .      Faith    .   (no shield)
rNeg    . . .      Spirit   .   b - +2 leather armour
rPois   .          Reflect  .   (no helmet)
rElec   .          Harm     .   (no cloak)
rCorr   .          Rampage  .   (no gloves)
Will    .....                   (no boots)
Stlth   ++........              (no amulet)
HPRegen 0.08/turn               (no ring)
MPRegen 0.08/turn               (no ring)

@: no status effects
A: thin skeletal structure 1
a: Renounce Religion


You were on level 2 of the Dungeon.
You worshipped Xom.
You were a toy of Xom.
You visited 1 branch of the dungeon, and saw 2 of its levels.

You collected 38 gold pieces.

Inventory:

Hand Weapons
 a - a +0 spear of chaos (weapon)
Armour
 b - a +2 leather armour (worn)
Miscellaneous
 c - a piece from Xom's chessboard (15/15)


   Skills:
 + Level 3.3 Fighting
 + Level 3.2 Polearms
 + Level 2.0 Armour
 + Level 0.9 Dodging
 + Level 0.2 Stealth


You had one spell level left.
You didn't know any spells.
Your spell library was empty.

Dungeon Overview and Level Annotations

Branches:
Dungeon (2/15)

Altars:

Annotations:
D:2 Natasha


Innate Abilities, Weirdness & Mutations

You have a somewhat thin skeletal structure. (Dex +2, Stealth+)


Message History

Press: ? - help, Q - select action, (/) - cycle Shift-Dir - straight line, f/p - Natasha
Aim: Natasha (moderately wounded, 47% to hit, chance to blind on hit: 75%)
You throw an atropa-tipped dart. The atropa-tipped dart hits Natasha.
Natasha appears confused.
Natasha is moderately wounded.
Natasha seems less confused.
Natasha barely misses you.
You see here an atropa-tipped dart.
You hit Natasha but do no damage.
Natasha is poisoned.
Your punch misses Natasha.
Natasha is moderately wounded.
f - 2 atropa-tipped darts (gained 1) Natasha is no longer blind.
Natasha wildly gestures.
Natasha's front paws start to glow.
Natasha casts a spell at you. The magic dart hits you.
Throw: 2 darts (atropa)
Press: ? - help, Q - select action, (/) - cycle Shift-Dir - straight line, f/p - Natasha
Aim: Natasha (moderately wounded, very poisoned, 47% to hit, chance to blind on hit: 75%)
You throw an atropa-tipped dart.
The atropa-tipped dart closely misses Natasha.
Natasha claws you.
You hit Natasha but do no damage.
Natasha is moderately wounded.
Natasha claws you.
Throw: dart (atropa)
Press: ? - help, Q - select action, (/) - cycle Shift-Dir - straight line, f/p - Natasha
Aim: Natasha (heavily wounded, very poisoned, 47% to hit, chance to blind on hit: 75%)
You throw an atropa-tipped dart. The atropa-tipped dart hits Natasha.
Natasha appears confused.
Natasha is heavily wounded.
Natasha seems less confused.
Natasha misses you.
Natasha casts a spell.
You see here an atropa-tipped dart.
You hit Natasha. You burn Natasha.
Natasha is almost dead.
Natasha casts a spell at you. The magic dart hits you!
You die...
Xom howls with laughter!

#.# #.#
#.# #.#
#.# #.#
#.# #.#
#(# #.#
#.# #.#
#.#
#######5#
#.....h@#
..#######


You could see an iron imp (summoned) and Natasha (blind, poisoned).

Vanquished Creatures
  3 dart slugs (D:1)
  3 endoplasms (D:1)
  3 hobgoblins (D:1)
  2 quokkas (D:1)
  A ball python (D:1)
  5 bats (D:1)
  A frilled lizard (D:1)
  A goblin (D:1)
  A kobold (D:1)
20 creatures vanquished.

Notes
Turn   | Place    | Note
-------+----------+-------------------------------------------
     0 | D:1      | masschaos23 the Demonspawn Chaos Knight began the quest for
                  | the Orb.
     0 | D:1      | Reached XP level 1. HP: 18/18 MP: 1/1
   177 | D:1      | XOM: silly message
   180 | D:1      | XOM: divination: magic mapping
   207 | D:1      | Gained mutation: You have a somewhat thin skeletal
                  | structure. (Dex +2, Stealth+) [demonic ancestry]
   207 | D:1      | Reached XP level 2. HP: 21/24 MP: 2/2
   272 | D:1      | XOM: divination: detect creatures
   352 | D:1      | XOM: silly message
   879 | D:2      | Noticed Natasha
   901 | D:2      | Killed from afar by Natasha

Illustrated notes

Levels and vault maps discovered:
D:1:      heliophobic_arrival_ceremonial_halls, layout_basic,
          hangedman_decor_slide_cut
D:2:      layout_loops_ring, uniq_sigmund, uniq_crazy_yiuf_cottage,
          uniq_natasha, uniq_terence

Skill      XL: |  1  2 |
---------------+-------+-----
Polearms       | 3 |  3.2
Armour         | 2 |  2.0
Fighting       | |  3.3
Dodging        | |  0.9
Stealth        | |  0.2

Action                   || total
-------------------------++-------
Melee: Spear             ||    60
Throw: Dart              ||     6
  Use: Scroll            ||     2
       Potion            ||     1
 Stab: Sleeping          ||     4
Armor: Leather armour    ||    19
Dodge: Dodged            ||    26
